 Dungeon Crawl Stone Soup version 0.28.0-53-g5a82cb258f (webtiles) character file.

Game seed: 4339066558200797675

95 nickcage the Stinger (level 4, 0/21 HPs)
             Began as a Spriggan Venom Mage on May 25, 2022.
             Killed by divine providence
             ... invoked by an orc priest
              (9 damage)
             ... on level 2 of the Dungeon.
             The game lasted 00:05:53 (2326 turns).

nickcage the Stinger (Spriggan Venom Mage)          Turns: 2326, Time: 00:05:53

Health: 0/21       AC:  2    Str:  4    XL:     4   Next: 40%
Magic:  1/9        EV: 17    Int: 18    God:
Gold:   132        SH:  0    Dex: 15    Spells: 3/9 levels left

rFire   . . .      SeeInvis +   h - +2 dagger (speed)
rCold   . . .      Faith    .   (no shield)
rNeg    . . .      Spirit   .   a - +0 robe
rPois   .          Reflect  .   (helmet restricted)
rElec   .          Harm     .   (no cloak)
rCorr   .          Rampage  .   (gloves unavailable)
Will    .....                   (boots unavailable)
Stlth   ++........              (no amulet)
HPRegen 0.07/turn               (no ring)
MPRegen 0.11/turn               (no ring)

@: very quick
A: very small, no large weapons, unfitting armour, see invisible, speed 3
a: no special abilities


You were on level 2 of the Dungeon.
You visited 1 branch of the dungeon, and saw 2 of its levels.

You collected 132 gold pieces.

Inventory:

Hand Weapons
 b - a +0 short sword
 g - a +0 dagger
 h - a +2 dagger of speed (weapon)
Armour
 a - a +0 robe (worn)
Scrolls
 c - a scroll of teleportation {unknown}
 i - a scroll of identify {unknown}
 k - a scroll of fear {unknown}
 m - a scroll of holy word {unknown}
Potions
 d - a potion of lignification {unknown}
 e - a potion of curing {unknown}
 f - a potion of mutation {unknown}
 j - a potion of flight {unknown}
 l - a potion of heal wounds {unknown}


   Skills:
 - Level 2.6 Dodging
 - Level 3.0 Stealth
 - Level 3.0 Spellcasting
 - Level 2.2 Transmutations
 - Level 1.0 Air Magic
 + Level 4.7 Poison Magic


You had 3 spell levels left.
You knew the following spells:

 Your Spells              Type           Power      Damage    Failure   Level
a - Sting                 Tmut/Pois      60%        1d6       3%          1
b - Poisonous Vapours     Pois/Air       26%        N/A       8%          2
c - Mephitic Cloud        Conj/Pois/Air  9%         N/A       22%         3

Your spell library contained the following spells:

 Spells                   Type           Power      Damage    Failure   Level
 Summon Small Mammal      Summ           8%         N/A       16%         1
 Call Canine Familiar     Summ           2%         N/A       43%         3
 Summon Guardian Golem    Hex/Summ       2%         N/A       43%         3
 Olgreb's Toxic Radiance  Pois           19%        N/A       24%         4
 Ice Form                 Ice/Tmut       6%         N/A       71%         4
 Hailstorm                Conj/Ice       2%         3d3       85%         4
 Simulacrum               Ice/Necr       1%         N/A       100%        6


Dungeon Overview and Level Annotations

Branches:
Dungeon (2/15)

Altars:


Innate Abilities, Weirdness & Mutations

You are very small and have problems with some larger weapons.
You are too small for most types of armour.
You have supernaturally acute eyesight. (SInv)
You cover ground extremely quickly. (Speed+++)


Message History

The orc shouts!
You hear a shout!
The ball python hisses angrily.
Things that are here:
a +0 hand axe; a +0 leather armour An orc comes into view.
It is wielding a +0 dagger.
The sting misses the orc.
The sting hits the ball python.
The ball python is poisoned.
You kill the ball python!
The sting misses the orc.
The orc closely misses you.
The sting hits the orc.
The orc is poisoned.
The orc is moderately wounded.
The orc misses you.
The sting hits the orc.
The orc looks even sicker.
You kill the orc!
The orc priest begins to cast a cantrip, but forgets the words!
The sting hits the orc.
The orc is poisoned.
The orc is lightly wounded.
The orc hits you but does no damage.
The sting hits the orc.
The orc looks even sicker.
The orc is severely wounded.
You kill the orc!
Things that are here:
a +0 dagger; a +0 flail; a +0 ring mail The sting hits the orc priest but does no damage.
The orc priest is poisoned.
The orc priest calls down the wrath of Beogh upon you.
Pain shoots through your body!
The sting hits the orc priest.
The orc priest looks even sicker.
The orc priest is lightly wounded.
The orc priest invokes the aid of Beogh against you.
Beogh smites you!
Ouch! That really hurt!
You are too injured to fight recklessly!
Aiming: Sting (safe; 3% risk of failure)
Press: ? - help, Q - select action, (/) - cycle Shift-Dir - straight line, f/p - orc priest
Aim: an orc priest, wielding a +0 dagger and wearing a +0 ring mail (lightly wounded, very poisoned, 77% to hit)
The sting hits the orc priest.
The orc priest looks even sicker.
The orc priest is moderately wounded.
The orc priest mumbles some strange prayers to Beogh against you.
Beogh smites you!
You die...

.....## #.... #....#
#....### ##..## #o.
.o.###### .##.' #.#
#........
############### #.#
#..# .......#......#
#.# #..#
.#####.#.#..#.#
#.###o.# .#
#..#.#..#.######......#
.#
#..#.#..#.(.@.o)......#
.#
#.##.#....#############
.####....##.#.#
.#..........#.#
##.##########.# ##.#
#.# ...# #.. #### ###


You could see an orc priest (very poisoned).

Vanquished Creatures
  A gnoll (D:1)
  3 adders (D:2)
  A worm (D:2)
  A dart slug (D:2)
  4 orcs (D:2)
  4 bats
  2 endoplasms
  A giant cockroach (D:2)
  9 goblins
  6 hobgoblins
  5 kobolds
  A quokka (D:2)
  4 ball pythons
  A frilled lizard (D:2)
  5 rats (D:1)
48 creatures vanquished.

Notes
Turn   | Place    | Note
-------+----------+-------------------------------------------
     0 | D:1      | nickcage the Spriggan Venom Mage began the quest for the
                  | Orb.
     0 | D:1      | Reached XP level 1. HP: 9/9 MP: 5/5
   174 | D:1      | Reached XP level 2. HP: 13/13 MP: 4/6
   641 | D:1      | Learned a level 2 spell: Poisonous Vapours
   773 | D:1      | Reached XP level 3. HP: 15/16 MP: 4/8
  1233 | D:1      | Learned a level 3 spell: Mephitic Cloud
  1383 | D:2      | Reached skill level 4 in Poison Magic
  1931 | D:2      | Reached XP level 4. HP: 18/21 MP: 3/9
  2053 | D:2      | Reached skill level 1 in Air Magic
  2326 | D:2      | Killed from afar by an orc priest

Illustrated notes

Levels and vault maps discovered:
D:1:      dpeg_arrival_short_road, layout_loops_ring
D:2:      minmay_razor_zed, layout_basic

Skill      XL: |  1  2  3  4 |
---------------+-------------+-----
Spellcasting   | 3 |  3.0
Transmutations | 2 |  2.2
Poison Magic   | 4 |  4.7
Air Magic      | 1 |  1.0
Dodging        | |  2.6
Stealth        | |  3.0

Action                   |  1- 3 |  4- 6 || total
-------------------------+-------+-------++-------
Melee: Short sword       |    18 |       ||    18
       Unarmed           |     1 |       ||     1
       Dagger            |     1 |     4 ||     5
 Cast: Sting             |    71 |    22 ||    93
       Poisonous Vapours |       |     2 ||     2
 Stab: Sleeping          |     3 |     1 ||     4
Armor: Robe              |     5 |     2 ||     7
Dodge: Dodged            |    27 |     5 ||    32
